 Dungeon Crawl Stone Soup version 0.31.0-4-g52a2dc7128 (webtiles) character file.

Game seed: 5908524119684003485

151 Aldia the Changeling (level 5, -2/39 HPs)
             Began as a Merfolk Shapeshifter on Jan 23, 2024.
             Slain by a scorpion (4 damage)
             ... on level 4 of the Dungeon.
             The game lasted 00:03:30 (2293 turns).

Aldia the Changeling (Merfolk Shapeshifter)         Turns: 2293, Time: 00:03:31

Health: -2/39      AC: -2    Str: 16    XL:     5   Next: 33%
Magic:  5/5        EV: 14    Int: 10    God:
Gold:   174        SH:  0    Dex: 19    Spells: 4/4 levels left

rFire   . .          .
                       - Unarmed
rCold   . . .        (no shield)
rNeg    . . .        a - +0 animal skin
rPois   .            (helmet currently unavailable)
rElec   .            (cloak currently unavailable)
rCorr   .            (gloves currently unavailable)
SInv    .            (boots currently unavailable)
Will    .....        (no amulet)
Stlth   ++           m - +6 ring of dexterity
HPRegen 0.26/turn    (no ring)
MPRegen 0.09/turn

%: no passive effects
@: beast-form, corroded
A: beast (slay +2), (nimble swimmer 2), mertail
a: Begin Untransformation


You were on level 4 of the Dungeon.
You were a hulking beast.
You visited 1 branch of the dungeon, and saw 4 of its levels.

You collected 174 gold pieces.

Inventory:

Armour
 a - a +0 animal skin (worn)
 n - the +0 ring mail of the Amoeba {rPois rN+ Str+5 Dex-3}
   (You found it on level 3 of the Dungeon)

   Str+5:     It affects your strength (+5).
   Dex-3:     It affects your dexterity (-3).
   rPois:     It protects you from poison rN+: It protects you from negative
   energy.
Jewellery
 m - a +6 ring of dexterity (left hand)
Talismans
 c - a beast talisman
 d - a flux talisman
Wands
 j - a wand of polymorph (6)
Scrolls
 k - 2 scrolls of revelation {unknown}
 l - a scroll of poison {unknown}
Potions
 b - a potion of lignification
 e - a potion of curing {unknown}
 f - 2 potions of brilliance
 g - a potion of enlightenment
 h - a potion of haste {unknown}
 i - a potion of might {unknown}


   Skills:
 + Level 2.5 Fighting
 + Level 4.0 Dodging
 * Level 4.7 Unarmed Combat
 + Level 4.8 Shapeshifting


You had 4 spell levels left.
You didn't know any spells.
Your spell library contained the following spells:

 Spells                   Type           Power      Damage    Failure   Level
 Mercury Vapours          Alch/Air       0%         N/A       50%         2
 Dazzling Flash           Conj/Hex       0%         N/A       75%         3
 Mephitic Cloud           Conj/Alch/Air  0%         N/A       75%         3
 Volatile Blastmotes      Fire/Tloc      0%         2d10      75%         3
 Freezing Cloud           Conj/Ice/Air   0%         6-21      100%        5
 Starburst                Conj/Fire      0%         6d3       100%        6
 Maxwell's Capacitive Co  Air            0%         ∞         100%        8


Dungeon Overview and Level Annotations

Branches:
Dungeon (4/15)
 Temple: D:4-7

Altars:

Annotations:
D:3 3 runed translucent doors, turdburglar's ghost, weakling OpSh


Innate Abilities, Weirdness & Mutations

You are a hulking beast.
Your limbs bulge with bestial killing power. (Slay +2)
((You are very nimble when in or above water. (Stealth+, EV+, Speed+++)))
Your lower body shifts to a powerful aquatic tail in water.


Message History

The jelly misses you.
You hit the jelly.
Your hands burn!
The jelly is heavily wounded.
The jelly barely misses you.
A kobold comes into view. It is wielding a +0 dagger.
The kobold shouts!
You hit the jelly but do no damage.
Your hands burn!
The jelly is heavily wounded.
The jelly barely misses you.
You punch the jelly!
You kill the jelly!
You hit the ball python.
The ball python is severely wounded.
The ball python barely misses you. The ball python closely misses you.
The kobold throws a stone.
The stone closely misses you.
You hit the ball python.
You kill the ball python!
A scorpion comes into view.
Your Dodging skill increases to level 4!
A phantom comes into view.
The iguana barely misses you.
You completely miss the iguana.
A dart slug comes into view.
The iguana bites you.
You closely miss the iguana. The iguana misses you.
You hit the scorpion.
The scorpion is lightly wounded.
The scorpion closely misses you. The iguana misses you.
The kobold closely misses you.
You hit the scorpion but do no damage. Your punch misses the scorpion.
The scorpion is lightly wounded.
The scorpion barely misses you. The kobold hits you with a +0 dagger.
The iguana bites you.
You hit the scorpion.
The scorpion is lightly wounded.
The scorpion stings you. The iguana bites you!
* * * LOW HITPOINT WARNING * * *
The kobold barely misses you. The scorpion misses you. The scorpion stings you.
You die...

.......... ###
.#..!#.. .
....
......$#..
#..###........
...#...#..#
##........#..
#....Kl..w...
#..# # #hs#.#
#....# #<.###
#........
#.#.[....
.........
####.....
..... .....


You could see a scorpion, an iguana and a kobold.

Vanquished Creatures
  A jelly (D:4)
  Jessica (D:2)
  4 adders (D:2)
  2 dart slugs (D:1)
  2 ribbon worms
  3 orcs (D:3)
  2 ball pythons
  5 endoplasms
  2 giant cockroaches (D:2)
  2 goblins (D:3)
  A hobgoblin (D:2)
  5 jackals
  2 quokkas
  4 bats
  A frilled lizard (D:3)
  7 kobolds
  A rat (D:1)
45 creatures vanquished.

Notes
Turn   | Place    | Note
-------+----------+-------------------------------------------
     0 | D:1      | Aldia the Merfolk Shapeshifter began the quest for the Orb.
     0 | D:1      | Reached XP level 1. HP: 15/15 MP: 1/1
   225 | D:1      | Reached XP level 2. HP: 17/21 MP: 2/2
   441 | D:1      | Found a faded altar of an unknown god.
   739 | D:2      | Reached XP level 3. HP: 26/27 MP: 3/3
   820 | D:2      | Noticed Jessica
   826 | D:2      | Killed Jessica
   827 | D:2      | Reached XP level 4. HP: 32/33 MP: 4/4
  1787 | D:3      | Identified the +0 ring mail of the Amoeba {rPois rN+ Str+5
                  | Dex-3}
  1789 | D:3      | Found a runed translucent gate.
  1789 | D:3      | Found a runed translucent gate.
  1789 | D:3      | Found a runed translucent gate.
  1789 | D:3      | Noticed turdburglar's ghost (weakling OpSh)
  2186 | D:3      | Reached XP level 5. HP: 33/39 MP: 5/5
  2287 | D:4      | Noticed a phantom
  2293 | D:4      | Slain by a scorpion

Illustrated notes

Levels and vault maps discovered:
D:1:      amcnicky_arrival_flooded_fountain, layout_basic,
          shapermc_ecumenical_altar_venn
D:2:      mumra_celtic_spiral_tile, layout_rooms, solitary_fountain,
          uniq_jessica
D:3:      layout_rooms, ebering_ghost_rock_garden, serial_bayou_crossing
D:4:      layout_rooms, trog_wizard, demons_altar

Skill      XL: |  1  2  3  4  5 |
---------------+----------------+-----
Dodging        | 3 4 |  4.0
Fighting       | 2 |  2.5
Unarmed Combat | 4 |  4.7
Shapeshifting  | |  4.8

Action                     |  1- 3 |  4- 6 || total
---------------------------+-------+-------++-------
  Melee: Unarmed           |    51 |   108 ||   159
         Punch             |       |     3 ||     3
    Use: Scroll            |     2 |       ||     2
   Stab: Sleeping          |       |     1 ||     1
 Armour: Animal skin       |    31 |    63 ||    94
  Dodge: Dodged            |    26 |    65 ||    91
